 Dungeon Crawl Stone Soup version 0.23-a0-358-g98c7a59 (webtiles) character file.

452 BingusPrime the Poker (level 7, -3/53 HPs)
             Began as a Barachi Skald on Oct 22, 2018.
             Slain by a worker ant (7 damage)
             ... on level 4 of the Dungeon.
             The game lasted 00:19:13 (4420 turns).

BingusPrime the Poker (Barachi Skald)               Turns: 4420, Time: 00:19:13

Health: -3/53      AC:  6    Str: 14    XL:     7   Next: 4%
Magic:  9/10       EV: 11    Int: 14    God:
Gold:   150        SH:  0    Dex: 11    Spells: 6/11 levels left

rFire    . . .     SeeInvis +   a - +0 spear
rCold    . . .     Gourm    .   (no shield)
rNeg     . . .     Faith    .   i - +0 ring mail
rPois    .         Spirit   .   (no helmet)
rElec    .         Reflect  .   (no cloak)
rCorr    .         Harm     .   f - +0 pair of gloves
MR       .....                  (no boots)
Stlth    +.........             (no amulet)
HPRegen  0.17/turn              n - ring of see invisible
MPRegen  0.12/turn              j - ring of flight

@: very slightly contaminated, hasted, quick
A: +LOS, swims, slowness 1, strong legs 1
a: Hop, Evoke Flight


You were on level 4 of the Dungeon.
You were not hungry.

You visited 1 branch of the dungeon, and saw 5 of its levels.

You collected 150 gold pieces.

Inventory:

Hand Weapons
 a - a +0 spear (weapon)
Missiles
 h - 163 stones (quivered)
Armour
 b - a +0 leather armour
 f - a +0 pair of gloves (worn)
 i - a +0 ring mail (worn)
Jewellery
 j - a ring of flight (right hand)
 n - a ring of see invisible (left hand)
 q - an uncursed ring of resist corrosion
Wands
 l - a wand of random effects (41)
 u - a wand of flame (31)
Scrolls
 g - 2 scrolls of remove curse {unknown}
 m - 2 scrolls of random uselessness {unknown}
 o - 2 scrolls of blinking {unknown}
 r - 2 scrolls of teleportation {unknown}
 s - 2 scrolls of enchant armour {unknown}
 v - a scroll of immolation {unknown}
Potions
 c - a potion of invisibility
 e - a potion of haste
 p - 2 potions of might {unknown}
Comestibles
 d - 12 rations
 t - 3 chunks of flesh


   Skills:
 * Level 3.9 Fighting
 * Level 4.8 Polearms
 * Level 2.4 Throwing
 + Level 3.1 Armour
 + Level 3.1 Dodging
 + Level 2.6 Spellcasting
 + Level 3.7 Charms


You had 6 spell levels left.
You knew the following spells:

 Your Spells              Type           Power        Failure   Level  Hunger
a - Infusion              Chrm           ##..         10%         1    #......
b - Song of Slaying       Chrm           ##......     14%         2    ###....
c - Shroud of Golubria    Chrm/Tloc      #.........   30%         2    ###....

Your spell library contained the following spells:

 Spells                   Type           Power        Failure   Level  Hunger
 Regeneration             Chrm/Necr      #.........   52%         3    ###....
 Spectral Weapon          Hex/Chrm       #.......     52%         3    ###....


Dungeon Overview and Level Annotations

Branches:
Dungeon (5/15)
 Temple: D:4-7

Altars:

Annotations:
D:4 1 runed door, Cryolive's ghost, amateur MiFi


Innate Abilities, Weirdness & Mutations

Shadows flee at your approach. (+LOS)
You can swim through water.
You cover ground slowly.
You can hop short distances.


Message History

The worker ant is severely wounded.
The worker ant misses you. The worker ant closely misses you.
You hit the worker ant but do no damage.
The worker ant is severely wounded.
The worker ant bites you but does no damage.
You closely miss the worker ant.
The worker ant is severely wounded.
The worker ant closely misses you.
You hit the worker ant.
The worker ant is severely wounded.
You hit the worker ant but do no damage.
The worker ant is severely wounded.
The worker ant bites you!
* * * LOW HITPOINT WARNING * * *
You hit the worker ant but do no damage.
The worker ant is severely wounded.
The worker ant waves its antennae.
The worker ant bites you!
You die...

########### #.........#
#........)# #.........#
#.........#
###.........#
#######...........#
#.....a@..........#
#.....#.#.........######
#####...#########...))..
...## #[######
....##########.###...
..........(...........
#...###.########....#.#
..#. ....####..#..#.#
##... ...<....)...#..#


You could see a worker ant.

Vanquished Creatures
  A centaur (D:5)
  2 orc priests
  Jessica (D:2)
  Terence (D:3)
  An orc wizard (D:2)
  2 worker ants (D:4)
  7 adders
  An ooze (D:1)
  2 worms (D:3)
  5 dart slugs
  5 leopard geckos
  17 orcs
  10 bats
  2 giant cockroaches
  9 hobgoblins
  2 quokkas
  2 ball pythons
  4 frilled lizards
  7 goblins
  6 kobolds
  A leopard gecko skeleton (D:3)
  14 rats (D:1)
102 creatures vanquished.

Vanquished Creatures (others)
  An orc (D:5)
1 creature vanquished.

Grand Total: 103 creatures vanquished

Notes
Turn   | Place    | Note
-------+----------+-------------------------------------------
     0 | D:1      | BingusPrime the Barachi Skald began the quest for the Orb.
     0 | D:1      | Reached XP level 1. HP: 17/17 MP: 3/3
    40 | D:1      | Reached XP level 2. HP: 21/23 MP: 0/5
   307 | D:1      | Reached XP level 3. HP: 28/28 MP: 2/6
   964 | D:2      | Reached skill level 3 in Polearms
   972 | D:2      | Reached XP level 4. HP: 31/34 MP: 7/7
   983 | D:2      | Noticed Terence
  1173 | D:3      | Killed Terence
  1226 | D:2      | Reached skill level 1 in Throwing
  1270 | D:2      | Found a faded altar of an unknown god.
  1382 | D:2      | Noticed Jessica
  1408 | D:2      | Killed Jessica
  1408 | D:2      | Reached XP level 5. HP: 38/41 MP: 4/8
  2249 | D:3      | Learned a level 2 spell: Song of Slaying
  2531 | D:3      | Reached skill level 4 in Polearms
  3094 | D:4      | Reached XP level 6. HP: 30/47 MP: 6/9
  3183 | D:4      | Found a runed door.
  3184 | D:4      | Noticed Cryolive's ghost (amateur MiFi)
  3554 | D:5      | Entered Level 5 of the Dungeon
  3635 | D:5      | HP: 2/48 [poisoned by an adder]
  3642 | D:5      | HP: 1/48 [poisoned by an adder]
  3650 | D:5      | HP: 1/48 [poisoned by an adder]
  3999 | D:4      | Learned a level 2 spell: Shroud of Golubria
  4268 | D:4      | Reached XP level 7. HP: 38/53 MP: 2/10
  4409 | D:4      | HP: 2/53 [poisoned by a worker ant]
  4420 | D:4      | Slain by a worker ant

Vault maps used:
D:1:      erik_arrival_orb_chamber
D:2:      chequers_ecumenical_altar_island, chequers_avenue, uniq_terence,
          uniq_jessica
D:4:      portal_sewer_entry_f, ebering_ghost_reflecting_pool
D:5:      minmay_temple_entry_overgrown, first_ration,
          minmay_misc_feat_ornament, guppyfry_early_lair_pool

Skill      XL: |  1  2  3  4  5  6 |
---------------+-------------------+-----
Polearms       | 3 4 |  4.8
Throwing       | 1 2 |  2.4
Fighting       | 3 |  3.9
Armour         | 2 3 |  3.1
Dodging        | 3 |  3.1
Spellcasting   | |  2.6
Charms         | |  3.7

Action                   |  1- 3 |  4- 6 |  7- 9 || total
-------------------------+-------+-------+-------++-------
Melee: Spear             |   123 |   401 |    33 ||   557
Throw: Stone             |     7 |    72 |       ||    79
 Cast: Infusion          |     2 |    10 |       ||    12
       Song of Slaying   |       |     2 |       ||     2
       Shroud of Golubri |       |     2 |       ||     2
 Abil: Hop               |       |     2 |       ||     2
  Use: Scroll            |       |     3 |       ||     3
       Potion            |       |     2 |     2 ||     4
 Stab: Sleeping          |     1 |       |       ||     1
  Eat: Chunk             |       |     9 |     1 ||    10
       Ration            |       |     1 |       ||     1
Armor: Leather armour    |    24 |     5 |       ||    29
       Ring mail         |       |   126 |     8 ||   134
Dodge: Dodged            |    65 |   258 |    15 ||   338

Table legend:
 A = Non-vault XP
 B = Vault XP
 C = Vault XP percentage of total XP
 D = Non-vault monster count
 E = Vault monster count
 F = Vault count percentage of total count
                 A         B        C        D         E       F
            +---------+---------+-------+---------+---------+-------
      Total |     534 |     112 |  17.3 |      87 |      16 |  15.5
            +---------+---------+-------+---------+---------+-------
        D:1 |      45 |      12 |  21.1 |      17 |      12 |  41.4
        D:2 |     100 |      37 |  27.0 |      20 |       1 |   4.8
        D:3 |      83 |      36 |  30.3 |      30 |       1 |   3.2
        D:4 |     142 |       0 |   0.0 |      12 |       0 |   0.0
        D:5 |     164 |      27 |  14.1 |       8 |       2 |  20.0
            +---------+---------+-------+---------+---------+-------
